AoeStats
← bayon

Golden Pit

509673141Analyzed
1v1 RM · 5d ago on Sep 27, 2026· 48m 8s· 2 players
Game mode
Random Map
Map size
Tiny (2 player)
Population
200
Speed
Normal
Resources
Standard
Victory
Conquest
Starting age
Dark Age
Ending age
Imperial Age
RankedLock teamsTeams togetherTeam positionsShared explorationLock speedFull tech treeHidden civsTurbo modeCheats
Victory
Defeat
🇵🇹 Mongols · Portugal
876
+16
🇷🇺 Goths · Russia
866
-16
Busiko
11:07 Feudal Age
11:46 Double-Bit Axe
14:27 Man-at-Arms
16:52 Horse Collar
22:22 Castle Age
20:44 Scale Mail Armor
23:00 Forging
23:27 Bow Saw
22:38 Long Swordsman
23:41 Heavy Plow
23:11 Elite Skirmisher
24:32 Fletching
25:37 Iron Casting
25:05 Padded Archer Armor
25:54 Bodkin Arrow
26:45 Wheelbarrow
30:28 Leather Archer Armor
34:01 Pikeman
38:20 Iron Casting
38:16 Loom
38:46 Hand Cart
38:58 Squires
39:06 Gold Mining
41:56 Stone Mining
43:33 Stone Shaft Mining
bayon
10:44 Feudal Age
9:04 Loom
11:36 Feudal Age
15:59 Castle Age
14:35 Double-Bit Axe
16:15 Crossbowman
18:14 Wheelbarrow
18:51 Padded Archer Armor
18:41 Fletching
23:56 Leather Archer Armor
28:18 Horse Collar
29:13 Heavy Plow
30:32 Bodkin Arrow
33:09 Scale Barding Armor
35:40 Husbandry
35:50 Bloodlines
37:27 Hand Cart
46:47 Imperial Age
44:53 Chain Barding Armor
45:04 Town Watch
Connection lost

Rejoining the realm…

Still unreachable

The connection could not be restored.

Session expired

The server has moved on; the page needs a fresh start.